 Dungeon Crawl Stone Soup version 0.18-a0-1350-g404b4cb (webtiles) character file.

8603 M4edhros the Martial Artist (level 11, -5/75 HPs)
             Began as a Mummy Monk on Feb 18, 2016.
             Slain by a hill giant
             ... wielding a +0 giant spiked club
              (44 damage)
             ... on level 9 of the Dungeon.
             The game lasted 00:45:14 (22311 turns).

M4edhros the Martial Artist (Mummy Monk)           Turns: 22311, Time: 00:45:14

Health: -5/75      AC:  5    Str: 23    XL:     11   Next: 12%
Magic:  20/20      EV: 21    Int:  8    God:
Gold:   49         SH:  0    Dex: 20    Spells: 0 memorised, 10 levels left

rFire  x . .     SeeInvis +       - Unarmed
rCold  + . .     Gourm    .     (no armour)
rNeg   + + +     Faith    .     (no shield)
rPois  ∞         Spirit   .     i - +1 helmet
rElec  .         Dismiss  .     u - +1 cloak "Ibo Vauc" {MP+9 Str+8 Int-2 Dex+3}
rCorr  .         Reflect  .     c - +0 pair of gloves
SustAt .         Harm     .     (no boots)
MR     +....                    (no amulet)
Stlth  ++........               (no ring)
                                n - ring of see invisible

@: somewhat resistant to hostile enchantments, unstealthy
A: no food or potions, fire vulnerability, cold resistance 1, negative energy
resistance 3, torment resistance, unbreathing
a: no special abilities


You were on level 9 of the Dungeon.
You were not hungry.

You visited 2 branches of the dungeon, and saw 11 of its levels.

You collected 558 gold pieces.
You spent 509 gold pieces at shops.

Inventory:

Armour
 c - a +0 pair of gloves (worn)
 i - a +1 helmet (worn)
 u - the +1 cloak "Ibo Vauc" (worn) {MP+9 Str+8 Int-2 Dex+3}
   (You bought it in a shop on level 8 of the Dungeon)

   It affects your strength (+8).
   It affects your intelligence (-2).
   It affects your dexterity (+3).
   It affects your magic capacity (+9).
Jewellery
 n - a ring of see invisible (left hand)
Wands
 f - a wand of random effects (10/48)
 p - a wand of flame (21/48)
Scrolls
 b - 5 scrolls of remove curse
 d - 2 scrolls of noise
 k - 5 scrolls of amnesia
 l - a scroll of torment
 m - 2 scrolls of immolation
 r - 2 scrolls of random uselessness
 t - a scroll of vulnerability
 v - a scroll of enchant weapon {unknown}
 w - a scroll of teleportation
Books
 e - a book of Power

   Spells                             Type                      Level
   a - Fulminant Prism                Conjuration/Hexes            4
   b - Iskenderun's Mystic Blast      Conjuration                  4
   c - Venom Bolt                     Conjuration/Poison           5
   d - Bolt of Magma                  Conjuration/Fire/Earth       5
   e - Iron Shot                      Conjuration/Earth            6
   f - Orb of Destruction             Conjuration                  7
   g - Spellforged Servitor           Conjuration/Summoning        7
 g - a book of Changes

   Spells                             Type                      Level
   a - Beastly Appendage              Transmutation                1
   b - Sticks to Snakes               Transmutation                2
   c - Spider Form                    Transmutation/Poison         3
   d - Ice Form                       Ice/Transmutation            4
   e - Blade Hands                    Transmutation                5
Comestibles
 a - 3 slices of pizza
 h - 3 meat rations
 j - 24 fruits (quivered)
 o - 4 bread rations
 q - a beef jerky
 s - a royal jelly


   Skills:
 - Level 3.0 Fighting
 + Level 10.6 Dodging
 - Level 1.5 Stealth
 - Level 10.8 Unarmed Combat


You had 10 spell levels left.
You didn't know any spells.

Dungeon Overview and Level Annotations

Branches:
Dungeon (10/15)            Temple (1/1) D:7            Lair (0/8) D:9
    Orc (0/2) D:10

Altars:
Dithmenos
Fedhas
Nemelex Xobeh
Okawaru
Pakellas
Sif Muna
Trog
The Shining One

Shops:
D:4 [   D:6 ==   D:8 [

Portals:
Trove: D:10 (show slimy rune of Zot)

Annotations:
D:7 Dowan
D:9 !erica troll yaks hillgiant, exclusion: 2 doors, Erica
D:10 Fannar, Snorg


Innate Abilities, Weirdness & Mutations

You do not eat or drink.
Your flesh is vulnerable to fire.
You are immune to poison.
Your flesh is cold resistant.
You are immune to negative energy.
You are immune to unholy pain and torment.
You can survive without breathing.


Message History

You swing at nothing.
You hit the hill giant.
The hill giant is lightly wounded.
The hill giant completely misses you.
You hit the hill giant but do no damage.
You punch the hill giant! You punch the hill giant.
The hill giant is moderately wounded.
The hill giant barely misses you.
You hit the hill giant. You punch the hill giant!
The hill giant is heavily wounded.
You hit the hill giant.
The hill giant is heavily wounded.
The hill giant hits you with a giant spiked club!!!
You hit the hill giant. You punch the hill giant.
The hill giant is heavily wounded.
You hit the hill giant.
The hill giant is severely wounded.
The hill giant hits you with a giant spiked club!!!
Ouch! That really hurt!
You die...

.....##.(## ######†.@.....##>....
......#######..........#####.....
.................................
....(......#...###...............
..........................##.....
#.........####...#..##..#........
##........##.......####.###......
#..........#..............#>.....
#..............C@......##.#......
................#.#....##.#......
#....#..#%......#.#....##.#......
####............#..######........
........#.....<.##..# ##..###.#
........#.......# #...#####.# #.#
........%.#.....###.........###.#
..........#.......#...........#.#
......#########.#................


You could see a hill giant.

Vanquished Creatures
  Maurice (D:10)
  A troll (D:9)
  The ghost of M4edhros the Covert, an amateur OpMo of Cheibriados (D:5)
  A yak (D:9)
  4 hippogriffs
  Grum (D:10)
  2 wolves
  3 hungry ghosts
  A water moccasin (D:6)
  An orc warrior (D:8)
  A sky beast (D:10)
  A swamp drake (D:9)
  3 ice beasts
  2 wasps
  A black bear (D:7)
  6 ogres
  4 phantoms
  2 necrophages
  7 centaurs
  4 crocodiles
  4 big kobolds
  A gnoll sergeant (D:6)
  7 giant frogs
  4 scorpions
  11 killer bees
  2 electric eels (D:7)
  11 crimson imps
  A centaur skeleton (D:6)
  2 giant frog skeletons
  4 hounds
  3 orc priests
  5 jellies
  9 iguanas
  8 orc wizards
  Natasha (thrice) (D:4)
  14 worker ants
  10 gnolls (D:6)
  13 adders
  7 shadow imps
  An adder zombie (D:8)
  An adder skeleton (D:4)
  4 worms
  9 giant geckos
  25 orcs
  7 giant cockroaches
  12 goblins
  9 hobgoblins
  6 quokkas
  3 ball pythons
  5 bats
  2 giant gecko skeletons (D:4)
  7 giant newts
  A jackal zombie (D:6)
  19 kobolds
  27 rats
304 creatures vanquished.

Vanquished Creatures (others)
  A bush (D:9)
1 creature vanquished.

Grand Total: 305 creatures vanquished

Notes
Turn   | Place    | Note
--------------------------------------------------------------
     0 | D:1      | M4edhros the Mummy Monk began the quest for the Orb.
     0 | D:1      | Reached XP level 1. HP: 18/18 MP: 1/1
   403 | D:1      | Reached XP level 2. HP: 18/24 MP: 2/2
  1091 | D:2      | Reached skill level 4 in Unarmed Combat
  1243 | D:2      | Reached XP level 3. HP: 24/29 MP: 3/3
  2268 | D:2      | Reached XP level 4. HP: 10/35 MP: 4/4
  3312 | D:3      | Found a deep blue altar of Sif Muna.
  3362 | D:3      | Reached skill level 5 in Unarmed Combat
  4004 | D:3      | Reached XP level 5. HP: 23/41 MP: 5/5
  4415 | D:4      | HP: 2/41 [worker ant (7)]
  4468 | D:4      | Found Bugh's Armour Boutique.
  5028 | D:4      | Noticed Natasha
  5060 | D:4      | Killed Natasha
  5330 | D:4      | Found a sparkling altar of Nemelex Xobeh.
  5331 | D:4      | Noticed a phantom
  5399 | D:4      | Reached skill level 6 in Unarmed Combat
  5399 | D:4      | Reached XP level 6. HP: 28/47 MP: 6/6
  6093 | D:4      | Bought a +0 pair of gloves for 49 gold pieces
  6482 | D:4      | Noticed Natasha
  6503 | D:4      | Killed Natasha
  6503 | D:4      | Reached skill level 7 in Unarmed Combat
  6525 | D:4      | Found an iron altar of Okawaru.
  6526 | D:4      | Found a bloodstained altar of Trog.
  6601 | D:5      | Entered Level 5 of the Dungeon
  6617 | D:5      | Reached XP level 7. HP: 47/52 MP: 7/7
  6674 | D:5      | Noticed M4edhros's ghost (amateur OpMo)
  7067 | D:5      | Reached skill level 8 in Unarmed Combat
  7672 | D:5      | Reached XP level 8. HP: 37/58 MP: 8/8
  7959 | D:4      | Noticed Natasha
  7974 | D:4      | Killed Natasha
  8336 | D:5      | Killed M4edhros's ghost
  8336 | D:5      | Reached skill level 9 in Unarmed Combat
  9030 | D:6      | Found Japtoyv's Jewellery Emporium.
  9088 | D:6      | Reached skill level 10 in Unarmed Combat
  9678 | D:6      | Found a shadowy altar of Dithmenos.
 10203 | D:6      | Found Rappuwo's Jewellery Emporium.
 10763 | D:6      | Reached XP level 9. HP: 36/63 MP: 9/9
 11462 | D:7      | Noticed Dowan
 12284 | D:7      | Reached skill level 5 in Dodging
 13619 | D:7      | Found a staircase to the Ecumenical Temple.
 13954 | D:7      | Reached XP level 10. HP: 54/70 MP: 10/10
 15291 | D:8      | Found an oddly glowing altar of Pakellas.
 16152 | Temple   | Entered the Ecumenical Temple
 16597 | D:8      | Found Eraj's Armour Shoppe.
 16818 | D:9      | Found a glowing golden altar of the Shining One.
 16821 | D:9      | Found a blossoming altar of Fedhas.
 16822 | D:9      | Found a sparkling altar of Nemelex Xobeh.
 17889 | D:9      | Found a staircase to the Lair.
 17992 | D:10     | Entered Level 10 of the Dungeon
 18428 | D:10     | Found a staircase to the Orcish Mines.
 18672 | D:10     | Noticed Fannar
 19212 | D:10     | Noticed Grum
 19659 | D:8      | Bought the +1 cloak "Ibo Vauc" {MP+9 Str+8 Int-2 Dex+3} for 460 gold pieces
 19775 | D:9      | Noticed Erica
 19989 | D:9      | HP: 2/70 [hippogriff (7)]
 20000 | D:9      | HP: 1/70 [hippogriff (3)]
 20412 | D:8      | Reached skill level 10 in Dodging
 20489 | D:9      | Noticed a hill giant
 21269 | D:9      | Reached XP level 11. HP: 60/75 MP: 11/11
 21371 | D:10     | Noticed Maurice
 21448 | D:10     | Found a portal to a secret trove of treasure.
 21455 | D:10     | Killed Grum
 21471 | D:10     | Killed Maurice
 21503 | D:10     | Noticed Snorg
 22311 | D:9      | Slain by a hill giant

Vault maps used:
D:1:      matt_arrival_refuge, bh_walls_and_bars
D:3:      lemuel_crystal_altar, first_bread, serial_bayou_pond_e,
          minmay_rat_hole
D:4:      grunt_temple_overflow_bloody_war, serial_shops, shop_fountains,
          nemelex_xobeh_ov_fountains_minmay, uniq_natasha
D:5:      kennysheep_nub, kennysheep_generic_room_3
D:6:      nicolae_dithmenos_shadow_blocks, serial_shops, shop,
          nicolae_shop_behind_doors
D:7:      kennysheep_big_flooded_room, minmay_temple_entry_enclosed_plants,
          uniq_duvessa
D:8:      grunt_pakellas_basics, serial_shops, kennysheep_mini
D:9:      gammafunk_temple_overflow_forgotten, erik_lair_dragon,
          blue_anna_alchemist, uniq_erica
D:10:     orc_0_dummy, enter_trove_0, uniq_fannar, uniq_maurice, uniq_grum,
          uniq_snorg
Temple:   oiseaux_autumnal_temple_12

Action                   |  1- 3 |  4- 6 |  7- 9 | 10-12 || total
-------------------------+-------+-------+-------+-------++-------
Melee: Unarmed           |   150 |   313 |   487 |   624 ||  1574
  Use: Scroll            |       |     9 |     6 |     6 ||    21
 Stab: Sleeping          |     1 |     3 |     3 |     5 ||    12
       Distracted        |       |     1 |       |     1 ||     2
